 Dungeon Crawl Stone Soup version 0.30.1-4-g462c640d31 (webtiles) character file.

Game seed: 10535473930652270433

282 Heoruswealwe the Conjurer (level 6, -14/32 HPs)
             Began as a Deep Elf Conjurer on Sept 18, 2023.
             Demolished by Edmund
             ... wielding a +5 dire flail of holy wrath
              (18 damage)
             ... on level 4 of the Dungeon.
             The game lasted 00:28:22 (2894 turns).

Heoruswealwe the Conjurer (Deep Elf Conjurer)       Turns: 2894, Time: 00:28:23

Health: -14/32     AC:  4    Str:  4    XL:     6   Next: 6%
Magic:  3/17       EV: 12    Int: 25    God:
Gold:   176        SH:  0    Dex: 13    Spells: 3/17 levels left

rFire   . . .        a - +2 dagger (freeze)
rCold   . . .        (no shield)
rNeg    . . .        c - +0 robe
rPois   .            g - +0 helmet
rElec   .            (no cloak)
rCorr   .            (no gloves)
SInv    .            e - +0 pair of boots
Will    .....        (no amulet)
Stlth   ++           (no ring)
HPRegen 0.25/turn    (no ring)
MPRegen 0.15/turn

%: no passive effects
@: no status effects
A: no striking features
a: no special abilities


You were on level 4 of the Dungeon.
You visited 1 branch of the dungeon, and saw 4 of its levels.

You collected 176 gold pieces.

Inventory:

Hand Weapons
 a - a +2 dagger of freezing (weapon)
 b - the +1 flail of Kismet {flame, rPois}
   (You found it on level 2 of the Dungeon)

   rPois:     It protects you from poison.
Armour
 c - a +0 robe (worn)
 e - a +0 pair of boots (worn)
 g - a +0 helmet (worn)
 n - a +0 robe
 o - a +0 robe
Jewellery
 k - a ring of fire
Scrolls
 f - 3 scrolls of noise {unknown}
 h - a scroll of teleportation {unknown}
 i - 2 scrolls of amnesia {unknown}
 l - 2 scrolls of identify {unknown}
 q - a scroll of vulnerability {unknown}
Potions
 d - 3 potions of curing {unknown}
 j - a potion of might {unknown}
 m - 3 potions of brilliance {unknown}
 p - 2 potions of berserk rage {unknown}
 r - a potion of degeneration {unknown}


   Skills:
 - Level 2.4 Dodging
 - Level 2.4 Stealth
 + Level 6.4 Spellcasting
 + Level 6.4 Conjurations


You had 3 spell levels left.
You knew the following spells:

 Your Spells              Type           Power      Damage    Failure   Level
a - Magic Dart            Conj           100%       1d8       1%          1
b - Searing Ray           Conj           80%        2d7       1%          2
c - Dazzling Flash        Conj/Hex       48%        N/A       5%          3
d - Fulminant Prism       Conj/Hex       12%        3d8       19%         4
e - Iskenderun's Mystic   Conj/Tloc      24%        2d7       19%         4

Your spell library contained the following spells:

 Spells                   Type           Power      Damage    Failure   Level


Dungeon Overview and Level Annotations

Branches:
Dungeon (4/15)
 Temple: D:4-7

Altars:
Zin

Shops:
D:2 ([:

Annotations:
D:4 Edmund


Message History

Aiming: Searing Ray (safe; 1% risk of failure)
Press: ? - help, Shift-Dir - straight line, f/p - Edmund
Aim: Edmund, wielding a +5 dire flail of holy wrath and wearing a +0 chain mail (lightly wounded, 86% to hit)
The searing ray hits the hound!
The hound is severely wounded.
The searing ray hits Edmund.
Edmund is lightly wounded. (Press . to maintain the ray.)
The searing ray hits the hound!
You kill the hound!
The searing ray hits Edmund!
Edmund is heavily wounded.
You have reached level 6!
The searing ray hits Edmund but does no damage.
Edmund is heavily wounded.
Casting: Searing Ray (safe; 1% risk of failure)
Confirm with . or Enter, or press ? or * to list all spells.
The spell is extremely dangerous to miscast (19% risk of failure)!
Continue anyway?
You miscast Iskenderun's Mystic Blast.
You are very lightly contaminated with residual magic.
Strange energies run through your body.
You are magically locked in place.
Edmund closely misses you.
You cannot move.
You cannot move.
Edmund says, "People accused me of being a cutpurse!"
Edmund hits you with a +5 dire flail of holy wrath!
Edmund barely misses you.
Edmund hits you with a +5 dire flail of holy wrath.
You are no longer locked in place.
Edmund hits you with a +5 dire flail of holy wrath!
Edmund attacks as you move away!
Edmund hits you with a +5 dire flail of holy wrath.
* * * LOW HITPOINT WARNING * * *
Your magical contamination has completely faded away.
Edmund attacks as you move away!
Edmund hits you with a +5 dire flail of holy wrath!
* * * LOW HITPOINT WARNING * * *
Edmund hits you with a +5 dire flail of holy wrath!!
Ouch! That really hurt!
You die...

#.....######
##.....#...#
##....#.....#
####..##.......#
#..#..##......##
#......#....).#..#
##...####........#
#...###.#<.......#
#.......@..#.....#
##.....@..##.......
##..................
####..>................
##..#....#.#...........#
#........###..........
###.......##........
#.......#.........
##......#.......


You could see Edmund.

Vanquished Creatures
  A howler monkey (D:4)
  A hound (D:4)
  An orc priest (D:3)
  Natasha (D:3)
  An orc wizard (D:3)
  Robin (D:3)
  2 adders (D:3)
  2 worms (D:3)
  2 dart slugs (D:2)
  7 orcs (D:3)
  5 ball pythons
  4 bats
  7 endoplasms
  5 giant cockroaches
  16 goblins
  10 hobgoblins
  2 quokkas (D:1)
  3 frilled lizards
  5 kobolds
  5 rats
81 creatures vanquished.

Notes
Turn   | Place    | Note
-------+----------+-------------------------------------------
     0 | D:1      | Heoruswealwe the Deep Elf Conjurer began the quest for the
                  | Orb.
     0 | D:1      | Reached XP level 1. HP: 10/10 MP: 6/6
   153 | D:1      | Reached XP level 2. HP: 15/15 MP: 0/8
   176 | D:1      | Learned a level 2 spell: Searing Ray
   570 | D:2      | Identified the +1 flail of Kismet {flame, rPois}
   624 | D:2      | Found Uskidilu's Armour Shoppe.
   629 | D:2      | Found Qaicagoa's Antique Weapon Boutique.
   661 | D:2      | Reached skill level 5 in Conjurations
   661 | D:2      | Reached XP level 3. HP: 19/19 MP: 0/10
   665 | D:2      | Learned a level 3 spell: Dazzling Flash
   687 | D:2      | Found Ychi's Book Shoppe.
   980 | D:2      | You fall into a shaft and drop 1 floor!
  1070 | D:1      | You fall into a shaft and drop 1 floor!
  1326 | D:3      | Noticed Robin
  1336 | D:3      | Killed Robin
  1337 | D:3      | Reached XP level 4. HP: 24/24 MP: 7/12
  1511 | D:3      | Learned a level 4 spell: Fulminant Prism
  1540 | D:3      | Noticed Natasha
  1551 | D:3      | Killed Natasha
  1552 | D:3      | Reached skill level 5 in Spellcasting
  1566 | D:3      | Reached XP level 5. HP: 22/28 MP: 2/14
  1571 | D:3      | Learned a level 4 spell: Iskenderun's Mystic Blast
  1871 | D:3      | Found a glowing silver altar of Zin.
  1871 | D:3      | Noticed an angel
  1892 | D:3      | Noticed Natasha
  2662 | D:3      | Found a glowing silver altar of Zin.
  2873 | D:4      | Noticed Edmund
  2878 | D:4      | Reached XP level 6. HP: 32/32 MP: 5/17
  2894 | D:4      | Demolished by Edmund

Illustrated notes

Levels and vault maps discovered:
D:1:      dpeg_arrival_more_subterranean_lakeside_camping, layout_basic,
          chequers_serial_rivers_small_3
D:2:      layout_rooms, serial_shops, shop, nicolae_shop_behind_doors, shop
D:3:      layout_loops_ring, zin_angel, st_stairs_12, uniq_natasha, uniq_robin
D:4:      layout_cave_pools, chequers_temple_overflow_statue_of_worship,
          uniq_grinder, uniq_edmund

Skill      XL: |  1  2  3  4  5 |
---------------+----------------+-----
Spellcasting   | 4 5 6 |  6.4
Conjurations   | 5 6 |  6.4
Dodging        | |  2.4
Stealth        | |  2.4

Action                     |  1- 3 |  4- 6 || total
---------------------------+-------+-------++-------
  Melee: Short sword       |     5 |       ||     5
         Dagger            |       |     7 ||     7
   Cast: Magic Dart        |    82 |    35 ||   117
         Searing Ray       |     1 |     9 ||    10
    Use: Potion            |     1 |       ||     1
 Armour: Robe              |     4 |     2 ||     6
  Dodge: Dodged            |    11 |    13 ||    24
